 Dungeon Crawl Stone Soup version 0.16-a0-2581-g6f3a107 (webtiles) character file.

373 Ratboiler the Slasher (level 6, -5/46 HPs)
             Began as a Vampire Fighter on Nov 21, 2014.
             Was an Initiate of Okawaru.
             Splashed by a jelly's acid (14 damage)
             ... on level 3 of the Dungeon.
             The game lasted 00:06:16 (2562 turns).

Ratboiler the Slasher (Vampire Fighter)             Turns: 2562, Time: 00:06:16

Health: -5/46      AC: -2    Str: 15    XL:     6   Next: 43%
Magic:  6/6        EV:  6    Int: 10    God:    Okawaru [......]
Gold:   182        SH:  8    Dex: 15    Spells: 0 memorised, 5 levels left

rFire  . . .     SeeInvis +     a - +0 long sword
rCold  . . .     Clarity  .     r - +0 scale mail
rNeg   . . .     SustAb   +     c - +0 shield
rPois  .         Gourm    .     (no helmet)
rElec  .         Spirit   .     (no cloak)
rCorr  .         Warding  .     (no gloves)
rMut   .         Stasis   .     o - +0 pair of boots
MR     .....                    (no amulet)
Stlth  ..........               (no ring)
                                p - ring of sustain abilities

@: corroded equipment, regenerating quickly, not resistant to hostile
enchantments, extremely unstealthy
A: bottle blood, fangs 3, see invisible, unbreathing
a: Renounce Religion


You were on level 3 of the Dungeon.
You worshipped Okawaru.
Okawaru was noncommittal.
You were very full.

You visited 1 branch of the dungeon, and saw 4 of its levels.

You collected 182 gold pieces.

Inventory:

Hand weapons
 a - a +0 long sword (weapon)
 b - a +0 blowgun
 v - a +0 shortbow of flaming
Missiles
 s - 8 poisoned needles
 w - 21 arrows
Armour
 c - a +0 shield (worn)
 o - a +0 pair of boots (worn)
 r - a +0 scale mail (worn)
Jewellery
 p - a ring of sustain abilities (left hand)
Scrolls
 d - a scroll of fear {unknown}
 f - a scroll of recharging {unknown}
 g - 3 scrolls of fog {unknown}
 i - 2 scrolls of identify {unknown}
 j - a scroll of noise {unknown}
 n - 4 scrolls of remove curse {unknown}
 t - a scroll of random uselessness {unknown}
 u - a scroll of enchant armour {unknown}
Potions
 h - a potion of flight {unknown}
 k - a potion of blood
 m - a potion of poison {unknown}
 q - a potion of restore abilities {unknown}


   Skills:
 - Level 2.6 Fighting
 + Level 6.9 Long Blades
 - Level 2.4 Armour
 - Level 2.6 Shields


You had 5 spell levels left.
You didn't know any spells.

Dungeon Overview and Level Annotations

Branches:
Dungeon (4/15)
 Temple: D:4-7

Altars:
Elyvilon
Gozag
Kikubaaqudgha
Nemelex Xobeh
Okawaru
Qazlal
Ru
Yredelemnul


Innate Abilities, Weirdness & Mutations

Your natural rate of healing is unusually fast.
You can bottle blood from corpses.
You have razor-sharp teeth.
You have supernaturally acute eyesight.
You can survive without breathing.


Message History

There is a stone staircase leading down here.
The orc hits you with a flail of crushing.
You slash the jelly!
The jelly is heavily wounded.
The jelly hits you but does no damage.
You hit the jelly but do no damage. The acid corrodes your equipment!
The jelly is heavily wounded.
The jelly hits you.
You are splashed with acid!
The acid burns!
You hit the jelly but do no damage.
The jelly is heavily wounded.
The jelly hits you.
You are splashed with acid!
The acid burns!
You hit the jelly. You bite the jelly.
The jelly is severely wounded.
The jelly hits you.
You are splashed with acid!
The acid corrodes your equipment!
The acid burns!
* * * LOW HITPOINT WARNING * * *
The jelly hits you.
* * * LOW HITPOINT WARNING * * *
You are splashed with acid!
The acid burns!
You die...

▒·▒··▒···········▒▒▒
▒·▒·▒··▒▒·)···>··▒▒▒
▒···················
▒·········▒·▒▒▒▒····
▒▒▒·▒>·▒▒▒▒·····▒▒▒▒
▒·▒··▒ ▒▒▒▒▒·▒
▒·▒··▒ ▒·▒ ▒·▒··▒
▒▒▒·▒ ▒@▒··▒ ▒···▒
▒J▒··▒ ▒·▒▒▒ ▒o▒o·▒
▒·▒ ▒▒·▒··▒ ▒·▒
▒·····▒▒▒▒▒▒·▒
▒··········▒·▒
▒·····▒▒▒▒·▒·▒▒▒▒▒▒
▒▒▒▒··▒ ▒·········
▒▒··▒ ▒▒▒·▒▒▒▒▒▒


You could see a jelly and an orc.

Vanquished Creatures
  The ghost of hackum the Chucker, an average OgHu (D:3)
  A centaur (D:2)
  Sigmund (D:3)
  An orc wizard (D:4)
  2 adders
  A giant mite (D:2)
  2 worms
  An ooze (D:3)
  4 orcs
  2 giant cockroaches
  7 hobgoblins
  4 jackals
  11 kobolds
  A ball python (D:3)
  11 bats
  2 giant newts
  11 goblins
  3 rats
66 creatures vanquished.

Notes
Turn   | Place    | Note
--------------------------------------------------------------
     0 | D:1      | Ratboiler, the Vampire Fighter, began the quest for the Orb.
     0 | D:1      | Reached XP level 1. HP: 17/17 MP: 1/1
   282 | D:1      | Reached XP level 2. HP: 23/23 MP: 2/2
   368 | D:1      | Reached skill level 3 in Long Blades
   925 | D:2      | Reached XP level 3. HP: 24/28 MP: 3/3
  1102 | D:2      | Reached skill level 4 in Long Blades
  1144 | D:2      | Found a sparkling altar of Nemelex Xobeh.
  1389 | D:2      | Noticed a centaur
  1509 | D:3      | Reached XP level 4. HP: 34/34 MP: 4/4
  1848 | D:3      | Noticed hackum's ghost (average OgHu)
  1927 | D:2      | Killed a centaur
  1927 | D:2      | Reached skill level 5 in Long Blades
  1927 | D:2      | Reached XP level 5. HP: 9/39 MP: 5/5
  2103 | D:3      | Found a sacrificial altar of Ru.
  2106 | D:3      | Found an ancient bone altar of Kikubaaqudgha.
  2107 | D:3      | Found a stormy altar of Qazlal.
  2109 | D:3      | Noticed Sigmund
  2149 | D:3      | Killed Sigmund
  2149 | D:3      | Reached skill level 6 in Long Blades
  2222 | D:3      | Killed hackum's ghost
  2222 | D:3      | Reached XP level 6. HP: 14/46 MP: 6/6
  2388 | D:3      | Found an opulent altar of Gozag.
  2390 | D:3      | Found an iron altar of Okawaru.
  2390 | D:3      | Found a white marble altar of Elyvilon.
  2390 | D:3      | Found a basalt altar of Yredelemnul.
  2415 | D:3      | Became a worshipper of Warmaster Okawaru
  2562 | D:3      | Splashed by a jelly's acid

Action                   |  1- 3 |  4- 6 || total
-------------------------+-------+-------++-------
Melee: Long sword        |   133 |    97 ||   230
 Fire: Blowgun           |       |    15 ||    15
  Use: Potion            |    11 |     8 ||    19
